Map: Solaris LE

Players

Subwayeatn - Winner!

  • Race: Zerg Zerg
  • League: Platinum
  • Spawn Location: 1:00

Kingbenjamin

  • Race: Zerg Zerg
  • League: Diamond
  • Spawn Location: 7:00

VOD

Have the link to the VOD?

Description

Time

  • Played on: Nov. 4, 2023, 5:05 p.m.
  • Length: 3:32
Show
View Real Time Build Order
Export as new Build Order

Subwayeatn Zerg - Winner!

Build Orders: Pool First 

Get SALT Encoding   

  12  0:00  Drone  
  13  0:09  Drone  
  14  0:20  Extractor  
  13  0:27  Spawning Pool  
  12  0:56  Hatchery  
  11  1:14  Queen  
  13  1:24  Overlord  
  13  1:30  Zergling x2  
  14  1:40  Metabolic Boost  
  14  1:45  Zergling x2  
  15  1:50  Zergling x2  
  16  1:55  Zergling x2  
  17  2:06  Zergling x2  
  18  2:10  Zergling x2  
  18  2:11  Zergling x2  
  20  2:19  Zergling x4  
  22  2:27  Zergling x4  
  24  2:31  Zergling x2  
  24  2:36  Zergling x2  
  26  2:41  Zergling x2  
  27  2:46  Zergling x2  
Show
View Real Time Build Order
Export as new Build Order

Kingbenjamin Zerg 

Build Orders: Hatch First 

Get SALT Encoding   

  12  0:03  Drone  
  13  0:12  Overlord  
  13  0:16  Drone  
  14  0:31  Drone x2  
  16  0:35  Drone  
  17  0:46  Drone  
  18  0:57  Hatchery  
  18  0:58  Drone  
  18  1:02  Extractor  
  17  1:08  Drone  
  18  1:19  Spawning Pool  
  18  1:21  Drone  
  18  1:29  Drone  
  19  1:40  Drone  
  20  1:54  Overlord  
  20  2:03  Evolution Chamber  
  19  2:10  Queen x2  
  19  2:11  Drone  
  19  2:12  Drone  
  25  2:16  Drone  
  25  2:22  Drone  
  27  2:25  Drone  
  28  2:30  Drone  
  28  2:32  Extractor  
  28  2:35  Drone  
  29  2:41  Drone  
  30  2:44  Drone  
  31  2:52  Drone  
  32  3:02  Zergling x2  
  32  3:05  Spine Crawler  
  30  3:07  Spine Crawler  
Tags
 
Matchup
ZvZ
Race
Zerg
Replay Pack
Multiplayer
Spawn Locations
Cross Positions
Add a new tag
Caveats
  • Supply blocks, unpowered buildings, or Contaminate may cause inaccurate times.
  • Supply counts are checked every 10 seconds.